[Event "22nd Ruzomberok Open 2019"]
[Site "Ruzomberok"]
[Date "2019.07.05"]
[Round "7.29"]
[White "Taragel, Marian"]
[Black "Laurencsik, Alexander"]
[Result "0-1"]
[ECO "B14"]
[WhiteElo "1636"]
[BlackElo "1742"]
[Annotator "NA"]
[PlyCount "58"]
[EventDate "2019.06.29"]
[EventType "swiss"]
[EventCountry "SVK"]
[SourceTitle "playchess.com"]
[Source "ChessBase"]
[SourceQuality "1"]
[TimeControl "40/5400+30:1800+30"]

1. e4 c6 2. d4 d5 3. exd5 cxd5 4. c4 Nf6 5. Nc3 e6 6. Nf3 Nc6 7. cxd5 Nxd5 8. Bc4 Bb4 9. Bd2 Bxc3 10. bxc3 h6 11. O-O O-O 12. Re1 b6 13. Bb5 Bb7 14. Qa4 Rc8 15. Rac1 Nf6 16. c4 Nxd4 17. Bb4 Nxf3+ 18. gxf3 Bxf3 19. Bxf8 Ne4 20. Rxe4 Qg5+ 21. Kf1 Qxc1+ 22. Re1 Qg5 23. Re3 Qg2+ 24. Ke1 Qg1+ 25. Kd2 Rd8+ 26. Kc3 Qa1+ 27. Kb4 a5+ 28. Ka3 Qc1+ 29. Kb3 Bd1# 0-1

[Event "22nd Ruzomberok Open 2019"]
[Site "Ruzomberok"]
[Date "2019.07.05"]
[Round "7.30"]
[White "Zentko, Ladislav"]
[Black "Demko, Ladislav"]
[Result "1-0"]
[ECO "D02"]
[WhiteElo "1732"]
[BlackElo "1642"]
[Annotator "NA"]
[PlyCount "97"]
[EventDate "2019.06.29"]
[EventType "swiss"]
[EventCountry "SVK"]
[SourceTitle "playchess.com"]
[Source "ChessBase"]
[SourceQuality "1"]
[TimeControl "40/5400+30:1800+30"]

1. Nf3 Nf6 2. d4 d5 3. Bf4 e6 4. e3 Nbd7 5. Bd3 Be7 6. O-O O-O 7. Nbd2 c5 8. c3 c4 9. Bc2 Nh5 10. Ne5 Nxf4 11. exf4 f5 12. Nxd7 Bxd7 13. Nf3 Bf6 14. Qe2 Qb6 15. Rfb1 Qc6 16. Ne5 Bxe5 17. Qxe5 Rac8 18. Re1 Rf6 19. g3 Qc7 20. h4 Qxe5 21. fxe5 Rg6 22. Kg2 h5 23. f3 Rf8 24. Re2 a5 25. Rf2 b5 26. a3 Be8 27. Raf1 Rh6 28. Kh3 g6 29. g4 fxg4+ 30. fxg4 Rxf2 31. Rxf2 hxg4+ 32. Kxg4 Bf7 33. Bd1 Kg7 34. Kg5 Rh8 35. Rf6 Re8 36. Bc2 Re7 37. Bxg6 Bxg6 38. Rxg6+ Kf8 39. h5 b4 40. h6 Rf7 41. Rf6 Kg8 42. Rxf7 Kxf7 43. h7 Kg7 44. h8=Q+ Kxh8 45. Kf6 Kg8 46. Kxe6 bxa3 47. bxa3 Kf8 48. Kxd5 Kf7 49. e6+ 1-0

[Event "22nd Ruzomberok Open 2019"]
[Site "Ruzomberok"]
[Date "2019.07.05"]
[Round "7.31"]
[White "Konkol, Emil"]
[Black "Pecho, Juraj"]
[Result "0-1"]
[ECO "A01"]
[WhiteElo "1714"]
[BlackElo "1900"]
[Annotator "NA"]
[PlyCount "94"]
[EventDate "2019.06.29"]
[EventType "swiss"]
[EventCountry "SVK"]
[SourceTitle "playchess.com"]
[Source "ChessBase"]
[SourceQuality "1"]
[TimeControl "40/5400+30:1800+30"]

1. b3 b6 2. Bb2 Nf6 3. Nc3 Bb7 4. f3 g6 5. e4 Bg7 6. e5 Nd5 7. Nxd5 Bxd5 8. c4 Bb7 9. d4 d6 10. f4 O-O 11. Nf3 Nd7 12. d5 c6 13. Qd2 cxd5 14. cxd5 Nc5 15. Rd1 Qd7 16. exd6 Bxb2 17. Qxb2 Qxd6 18. Qe5 Rad8 19. Bc4 Qd7 20. O-O b5 21. b4 Na6 22. d6 exd6 23. Qxb5 Qxb5 24. Bxb5 Nxb4 25. Bc4 Rfe8 26. Rb1 Bxf3 27. Rxf3 a5 28. a3 Nc2 29. Bd5 Rb8 30. Rxb8 Rxb8 31. Rc3 Rb1+ 32. Kf2 Rb2 33. Kg3 Nd4 34. Rc7 Ne6 35. Rc6 Nd4 36. Rc7 Nf5+ 37. Kf3 Nd4+ 38. Kg3 Ne6 39. Rc6 Rd2 40. Rxd6 Rd3+ 41. Kg4 h5+ 42. Kh4 Nxf4 43. Bxf7+ Kxf7 44. Ra6 Rxa3 45. g3 Ne6 46. h3 Kf6 47. g4 g5+ 0-1

[Event "22nd Ruzomberok Open 2019"]
[Site "Ruzomberok"]
[Date "2019.07.05"]
[Round "7.32"]
[White "Gasper, Jaroslav"]
[Black "Galbavy, Dusan"]
[Result "1-0"]
[ECO "C02"]
[WhiteElo "1772"]
[BlackElo "1678"]
[Annotator "NA"]
[PlyCount "113"]
[EventDate "2019.06.29"]
[EventType "swiss"]
[EventCountry "SVK"]
[SourceTitle "playchess.com"]
[Source "ChessBase"]
[SourceQuality "1"]
[TimeControl "40/5400+30:1800+30"]

1. e4 e6 2. e5 d5 3. d4 c5 4. c3 Nc6 5. Bb5 Qb6 6. Bxc6+ bxc6 7. Nf3 Ba6 8. Qc2 Rc8 9. Be3 cxd4 10. Nxd4 Bc5 11. b4 Bxd4 12. Bxd4 Qc7 13. f4 Ne7 14. g4 h5 15. f5 hxg4 16. fxe6 fxe6 17. Nd2 Nf5 18. O-O-O Rh3 19. Nb3 Bc4 20. Nc5 Qe7 21. Kb2 Kf7 22. Rhg1 Qh4 23. Rd2 Rh8 24. Rgg2 Bf1 25. Rgf2 Rf3 26. Qb1 Bc4 27. Qc2 a5 28. Rxf3 gxf3 29. bxa5 Rb8+ 30. Nb3 Nxd4 31. cxd4 Kg8 32. Kc1 Qe1+ 33. Kb2 Qe3 34. Qc3 Qe1 35. Qc2 c5 36. Ka3 Rf8 37. Rf2 Be2 38. Qg6 Qxf2 39. Qxe6+ Rf7 40. Qe8+ Kh7 41. Qxf7 Qxh2 42. Nxc5 Bc4 43. Qxf3 Qxa2+ 44. Kb4 Qb2+ 45. Nb3 Bxb3 46. Qxb3 Qxd4+ 47. Kb5 Qxe5 48. a6 d4+ 49. Kc6 Qe4+ 50. Kc5 d3 51. Qd1 Qe2 52. Qh1+ Kg6 53. Qg1+ Kf6 54. a7 d2 55. a8=Q d1=Q 56. Qf8+ Ke6 57. Qg6+ 1-0

[Event "22nd Ruzomberok Open 2019"]
[Site "Ruzomberok"]
[Date "2019.07.05"]
[Round "7.33"]
[White "Mudron, Jan"]
[Black "Slyk, Piotr"]
[Result "1-0"]
[ECO "A40"]
[WhiteElo "1756"]
[BlackElo "1082"]
[Annotator "NA"]
[PlyCount "169"]
[EventDate "2019.06.29"]
[EventType "swiss"]
[EventCountry "SVK"]
[SourceTitle "playchess.com"]
[Source "ChessBase"]
[SourceQuality "1"]
[TimeControl "40/5400+30:1800+30"]

1. d4 e6 2. c4 g6 3. Nc3 Bg7 4. e4 d6 5. Nf3 Nc6 6. Be3 a6 7. Be2 Nge7 8. Qd2 d5 9. e5 O-O 10. c5 b6 11. cxb6 cxb6 12. Rc1 Bd7 13. O-O Nf5 14. Bf4 b5 15. b3 Rc8 16. Nb1 Qa5 17. Qb2 Qb6 18. Rcd1 Nb4 19. Rd2 Rc7 20. g4 Nh6 21. a3 Nc6 22. h3 f6 23. exf6 Rxf6 24. Bxc7 Qxc7 25. g5 Rxf3 26. Bxf3 Nf5 27. Rd3 Qf4 28. Qd2 Qxd2 29. Nxd2 Bxd4 30. Rc1 Kf7 31. b4 Ne5 32. Rb3 Nc6 33. Kf1 h6 34. gxh6 Nxh6 35. Bg4 Nxg4 36. hxg4 e5 37. f3 Ke6 38. Kg2 a5 39. Rh1 Be8 40. Rh7 Bf7 41. bxa5 Nxa5 42. Rxb5 Nc6 43. Nb3 Be3 44. Nc5+ Bxc5 45. Rxc5 Ne7 46. Rb5 Be8 47. Rb6+ Nc6 48. Rh8 Bd7 49. Rh6 Be8 50. Kf2 Kf6 51. Rh8 Bd7 52. Rh7 Ke6 53. Rg7 Be8 54. Ke3 Kd6 55. Rg8 Bf7 56. Rf8 d4+ 57. Kd3 Bd5 58. Rf6+ Kc5 59. Rb2 Bc4+ 60. Kd2 Ne7 61. Rb7 Nd5 62. Rxg6 Nf4 63. Rg5 Kc6 64. Re7 Nh3 65. Rgxe5 Nf4 66. Rg5 Bd5 67. Rxd5 Kxd5 68. Re4 Ng6 69. Kd3 Kc5 70. f4 Kd5 71. Rxd4+ Ke6 72. f5+ Kf7 73. fxg6+ Kxg6 74. Rd5 Kf6 75. Rf5+ Ke6 76. Ke4 Kd6 77. g5 Ke6 78. g6 Kd6 79. g7 Ke6 80. g8=Q+ Ke7 81. Qf7+ Kd6 82. Qd5+ Kc7 83. Rf6 Kc8 84. Rf7 Kb8 85. Qb7# 1-0

[Event "22nd Ruzomberok Open 2019"]
[Site "Ruzomberok"]
[Date "2019.07.05"]
[Round "7.34"]
[White "Malinovsky, Jozef"]
[Black "Cebo, Vladimir"]
[Result "1-0"]
[ECO "D02"]
[WhiteElo "1715"]
[BlackElo "1577"]
[Annotator "NA"]
[PlyCount "129"]
[EventDate "2019.06.29"]
[EventType "swiss"]
[EventCountry "SVK"]
[SourceTitle "playchess.com"]
[Source "ChessBase"]
[SourceQuality "1"]
[TimeControl "40/5400+30:1800+30"]

1. Nf3 d5 2. d4 Nf6 3. Bf4 Bf5 4. e3 e6 5. c3 Nbd7 6. Nbd2 c5 7. Be2 Be7 8. O-O O-O 9. Ne5 cxd4 10. Nxd7 Qxd7 11. exd4 Bd6 12. Bxd6 Qxd6 13. Re1 a6 14. Nf1 Ne4 15. f3 Nf6 16. Bd3 Bxd3 17. Qxd3 Nd7 18. a4 Rac8 19. Re2 f6 20. Rd2 Rc4 21. Ne3 Rc6 22. a5 f5 23. Re2 Rf6 24. Nf1 Rc8 25. Qd1 Nf8 26. Qb3 Qc7 27. Rae1 Qd7 28. Qa2 Ng6 29. g3 h5 30. f4 h4 31. Qb3 Kf7 32. Nd2 hxg3 33. hxg3 Rh8 34. Nf3 Kg8 35. Ng5 Nf8 36. Kg2 Rfh6 37. Kf3 Rf6 38. Qb4 Rhh6 39. Kg2 Rfg6 40. Qc5 Qd8 41. Nf3 Rg4 42. Kf2 Qe8 43. Qxd5 Qh5 44. Qxb7 Rxg3 45. Rf1 Qg4 46. Ke1 Qxf4 47. Nd2 Qg5 48. Qxa6 Rg1 49. Qd3 Rhh1 50. Ref2 Ng6 51. Qf3 Rxf1+ 52. Rxf1 Rxf1+ 53. Qxf1 Nf4 54. Kd1 Ng2 55. Kc1 Ne3 56. Qh1 f4 57. b4 Qf5 58. Qe4 Qg4 59. Kb2 Nd5 60. a6 Qh3 61. Nf3 Qg2+ 62. Kb3 Nc7 63. a7 Qf1 64. a8=Q+ Kf7 65. Qxf4+ 1-0

[Event "22nd Ruzomberok Open 2019"]
[Site "Ruzomberok"]
[Date "2019.07.05"]
[Round "7.36"]
[White "Segeda, Milos"]
[Black "Kunzo, Slavomir"]
[Result "0-1"]
[ECO "B27"]
[WhiteElo "1446"]
[BlackElo "1593"]
[Annotator "NA"]
[PlyCount "45"]
[EventDate "2019.06.29"]
[EventType "swiss"]
[EventCountry "SVK"]
[SourceTitle "playchess.com"]
[Source "ChessBase"]
[SourceQuality "1"]
[TimeControl "40/5400+30:1800+30"]

1. e4 c5 2. Nf3 g6 3. Nc3 Bg7 4. Bc4 e6 5. O-O Ne7 6. Re1 O-O 7. a4 d5 8. Be2 Nbc6 9. Nb5 a6 10. Na3 dxe4 11. Ng5 f5 12. Bc4 Nd5 13. h4 h6 14. h5 Qxg5 15. hxg6 Qxg6 16. Be2 Nf4 17. g3 Nd4 18. Nc4 Nfxe2+ 19. Rxe2 Nxe2+ 20. Qxe2 f4 21. d3 fxg3 22. Be3 gxf2+ 23. Kh1 0-1

[Event "22nd Ruzomberok Open 2019"]
[Site "Ruzomberok"]
[Date "2019.07.06"]
[Round "8.1"]
[White "Movsesian, Julia"]
[Black "Zvarik, Martin"]
[Result "0-1"]
[ECO "C55"]
[WhiteElo "2291"]
[BlackElo "2308"]
[Annotator "NA"]
[PlyCount "74"]
[EventDate "2019.06.29"]
[EventType "swiss"]
[EventCountry "SVK"]
[SourceTitle "playchess.com"]
[Source "ChessBase"]
[SourceQuality "1"]
[TimeControl "40/5400+30:1800+30"]

1. e4 e5 2. Nf3 Nc6 3. Bc4 Nf6 4. d3 h6 5. a4 g5 6. O-O d6 7. c3 Bg7 8. Nbd2 g4 9. Ne1 Be6 10. Nc2 Ne7 11. Ne3 h5 12. Qb3 Qc8 13. d4 Bxc4 14. Qxc4 exd4 15. cxd4 d5 16. Qd3 dxe4 17. Nxe4 Nxe4 18. Qxe4 f5 19. Qd3 Qd7 20. Qb3 O-O-O 21. Nc2 h4 22. Re1 h3 23. Bg5 Rde8 24. Qe6 Nd5 25. Qxd7+ Kxd7 26. Ne3 Nxe3 27. fxe3 hxg2 28. Kxg2 Bf8 29. Bf4 Bd6 30. Bxd6 Kxd6 31. Rac1 Rh3 32. Rc5 f4 33. Rg5 Rhxe3 34. Rc1 Re2+ 35. Kg1 f3 36. Rxg4 f2+ 37. Kg2 Re1 0-1

[Event "22nd Ruzomberok Open 2019"]
[Site "Ruzomberok"]
[Date "2019.07.06"]
[Round "8.2"]
[White "Borsos, Bogdan"]
[Black "Bombek, Peter"]
[Result "1/2-1/2"]
[ECO "A13"]
[WhiteElo "2211"]
[BlackElo "2159"]
[Annotator "NA"]
[PlyCount "54"]
[EventDate "2019.06.29"]
[EventType "swiss"]
[EventCountry "SVK"]
[SourceTitle "playchess.com"]
[Source "ChessBase"]
[SourceQuality "1"]
[TimeControl "40/5400+30:1800+30"]

1. Nf3 d5 2. c4 e6 3. g3 Nf6 4. Bg2 dxc4 5. O-O c5 6. Na3 Be7 7. Nxc4 O-O 8. b3 Nc6 9. Bb2 Qc7 10. e3 Rd8 11. Qe2 b6 12. d4 Bb7 13. dxc5 Bxc5 14. Rac1 Qe7 15. a3 b5 16. b4 Bxb4 17. axb4 bxc4 18. b5 Na5 19. Qe1 Nb3 20. Rxc4 Rac8 21. Rxc8 Rxc8 22. Qb1 Bxf3 23. Bxf6 gxf6 24. Qxb3 Bxg2 25. Kxg2 Qb7+ 26. Kg1 Rc5 27. Rb1 Qd5 1/2-1/2

[Event "22nd Ruzomberok Open 2019"]
[Site "Ruzomberok"]
[Date "2019.07.06"]
[Round "8.3"]
[White "Jakab, Bela"]
[Black "Jablonicky, Martin"]
[Result "0-1"]
[ECO "C61"]
[WhiteElo "2278"]
[BlackElo "2378"]
[Annotator "NA"]
[PlyCount "86"]
[EventDate "2019.06.29"]
[EventType "swiss"]
[EventCountry "SVK"]
[SourceTitle "playchess.com"]
[Source "ChessBase"]
[SourceQuality "1"]
[TimeControl "40/5400+30:1800+30"]

1. e4 e5 2. Nf3 Nc6 3. Bb5 Nd4 4. Nxd4 exd4 5. O-O Bc5 6. c3 c6 7. Bc4 d5 8. exd5 cxd5 9. Bd3 Ne7 10. cxd4 Bxd4 11. Nc3 O-O 12. b3 Ng6 13. Ba3 Re8 14. Bxg6 hxg6 15. Qf3 Be6 16. Rac1 Qa5 17. Bb2 Rac8 18. a3 Bf6 19. b4 Qa6 20. Rfe1 Red8 21. h3 Bg5 22. Nb1 Rc4 23. Rc3 Rdc8 24. Rxc4 Rxc4 25. Qg3 Bf4 26. Qb3 Re4 27. Rc1 Qe2 28. Qd1 Qxd1+ 29. Rxd1 Rc4 30. d3 Rc2 31. Bd4 a6 32. Nc3 Bc1 33. Nb1 b5 34. Kh2 Bb2 35. Bxb2 Rxb2 36. d4 Rxf2 37. Nd2 Re2 38. Nf1 Ra2 39. Rd3 Bf5 40. Rc3 Be4 41. Ne3 f5 42. Rc8+ Kh7 43. Rf8 Re2 0-1

[Event "22nd Ruzomberok Open 2019"]
[Site "Ruzomberok"]
[Date "2019.07.06"]
[Round "8.4"]
[White "Baleja, Marian"]
[Black "Farkas, Gabor"]
[Result "0-1"]
[ECO "B26"]
[WhiteElo "1951"]
[BlackElo "2353"]
[Annotator "NA"]
[PlyCount "48"]
[EventDate "2019.06.29"]
[EventType "swiss"]
[EventCountry "SVK"]
[SourceTitle "playchess.com"]
[Source "ChessBase"]
[SourceQuality "1"]
[TimeControl "40/5400+30:1800+30"]

1. e4 c5 2. Nc3 Nc6 3. g3 d6 4. Bg2 g6 5. d3 Bg7 6. Be3 Nf6 7. h3 Rb8 8. Qd2 b5 9. Nge2 b4 10. Nd1 e5 11. O-O O-O 12. b3 Nd4 13. Nb2 Bxh3 14. Nxd4 Bxg2 15. Kxg2 cxd4 16. Bg5 Qd7 17. Rh1 h5 18. a3 bxa3 19. Rxa3 Nh7 20. Rha1 Rb7 21. Ra5 f5 22. f3 f4 23. gxf4 Nxg5 24. fxg5 Rxf3 0-1

[Event "22nd Ruzomberok Open 2019"]
[Site "Ruzomberok"]
[Date "2019.07.06"]
[Round "8.5"]
[White "Vojtek, Vladimir"]
[Black "Karas, Marek"]
[Result "1-0"]
[ECO "A13"]
[WhiteElo "2313"]
[BlackElo "2282"]
[Annotator "NA"]
[PlyCount "81"]
[EventDate "2019.06.29"]
[EventType "swiss"]
[EventCountry "SVK"]
[SourceTitle "playchess.com"]
[Source "ChessBase"]
[SourceQuality "1"]
[TimeControl "40/5400+30:1800+30"]

1. c4 e6 2. Nc3 d5 3. e3 Nf6 4. Nf3 c6 5. b3 Bd6 6. Bb2 Nbd7 7. g4 Nxg4 8. Rg1 Nxh2 9. Nxh2 Bxh2 10. Rxg7 Be5 11. Rg1 d4 12. exd4 Bxd4 13. Qh5 Nf6 14. Qh4 e5 15. O-O-O Be6 16. Ne2 Bxb2+ 17. Kxb2 Nd7 18. Qh6 Qf6 19. Qe3 h5 20. Nc3 h4 21. Ne4 Qe7 22. d4 Bf5 23. d5 cxd5 24. cxd5 Bxe4 25. Qxe4 Qf6 26. Bh3 Qxf2+ 27. Kb1 Qf4 28. Qc2 Rd8 29. d6 Qe3 30. Qg2 Qg3 31. Qf1 Qf4 32. Qd3 Qd4 33. Qe2 Qf4 34. Rdf1 Qh6 35. Bxd7+ Rxd7 36. Qxe5+ Kd8 37. Rf6 Qh7+ 38. Kb2 h3 39. Qa5+ b6 40. Qd5 Ke8 41. Qa8+ 1-0

[Event "22nd Ruzomberok Open 2019"]
[Site "Ruzomberok"]
[Date "2019.07.06"]
[Round "8.6"]
[White "Mrvova, Alena"]
[Black "Hros, Roman"]
[Result "1-0"]
[ECO "B23"]
[WhiteElo "2153"]
[BlackElo "2195"]
[Annotator "NA"]
[PlyCount "67"]
[EventDate "2019.06.29"]
[EventType "swiss"]
[EventCountry "SVK"]
[SourceTitle "playchess.com"]
[Source "ChessBase"]
[SourceQuality "1"]
[TimeControl "40/5400+30:1800+30"]

1. e4 c5 2. Nc3 e5 3. Bc4 Nc6 4. a4 g6 5. Nd5 Bg7 6. d3 Nge7 7. Bg5 O-O 8. Qd2 d6 9. h4 h5 10. Nf3 Be6 11. Nxe7+ Nxe7 12. Bxe6 fxe6 13. Rh3 Qe8 14. Kf1 Kh7 15. b4 b6 16. b5 Ng8 17. c3 a6 18. Rb1 axb5 19. Rxb5 Rxa4 20. Rxb6 Ra1+ 21. Ne1 Qd7 22. Qb2 Ra7 23. Rf3 Rxf3 24. Nxf3 Nh6 25. Be3 Nf7 26. g3 Bf6 27. Kg2 Nd8 28. Bg5 Bxg5 29. Nxg5+ Kg7 30. d4 Nf7 31. dxc5 Nxg5 32. c6 Qf7 33. hxg5 Rc7 34. Rb7 1-0

[Event "22nd Ruzomberok Open 2019"]
[Site "Ruzomberok"]
[Date "2019.07.06"]
[Round "8.8"]
[White "Viczencz, Peter"]
[Black "Vacek, Ondrej"]
[Result "1-0"]
[ECO "B19"]
[WhiteElo "2014"]
[BlackElo "2125"]
[Annotator "NA"]
[PlyCount "127"]
[EventDate "2019.06.29"]
[EventType "swiss"]
[EventCountry "SVK"]
[SourceTitle "playchess.com"]
[Source "ChessBase"]
[SourceQuality "1"]
[TimeControl "40/5400+30:1800+30"]

1. e4 c6 2. d4 d5 3. Nc3 dxe4 4. Nxe4 Bf5 5. Ng3 Bg6 6. h4 h6 7. Nf3 Nd7 8. h5 Bh7 9. Bd3 Bxd3 10. Qxd3 Ngf6 11. Bd2 e6 12. O-O-O Be7 13. Kb1 O-O 14. Ne2 Ng4 15. Rdf1 e5 16. Nh2 Nxh2 17. Rxh2 exd4 18. f4 Nc5 19. Qxd4 Qxd4 20. Nxd4 Rfd8 21. Be3 Ne4 22. g4 Rd7 23. c3 Rad8 24. Kc2 Bc5 25. g5 Bxd4 26. Bxd4 c5 27. Be3 Rd3 28. Re1 b6 29. gxh6 Ng3 30. hxg7 Nf5 31. Bc1 Kxg7 32. Re5 R3d5 33. Rg2+ Kf6 34. Rxd5 Rxd5 35. Rg5 Rd8 36. b4 c4 37. a4 Ke6 38. Rg1 Rh8 39. Re1+ Kd7 40. Re4 Nd6 41. Re5 f6 42. Rd5 Kc6 43. Rd4 Rxh5 44. b5+ Kc7 45. Ba3 Rh2+ 46. Kd1 Nf5 47. Rxc4+ Kd7 48. Re4 Ra2 49. Bf8 Rh2 50. c4 Rh1+ 51. Kd2 Rh2+ 52. Ke1 Rh1+ 53. Kf2 Rc1 54. Kf3 Rc3+ 55. Kg4 Ne3+ 56. Kh5 Nxc4 57. Kg6 Rg3+ 58. Kxf6 Ne3 59. Re7+ Kd8 60. Rxa7 Rf3 61. Bd6 Nc4 62. Be5 Re3 63. Ke6 Kc8 64. Rc7+ 1-0

[Event "22nd Ruzomberok Open 2019"]
[Site "Ruzomberok"]
[Date "2019.07.06"]
[Round "8.9"]
[White "Bednar, Jan"]
[Black "Balogh, Peter"]
[Result "1-0"]
[ECO "A04"]
[WhiteElo "2084"]
[BlackElo "2258"]
[Annotator "NA"]
[PlyCount "55"]
[EventDate "2019.06.29"]
[EventType "swiss"]
[EventCountry "SVK"]
[SourceTitle "playchess.com"]
[Source "ChessBase"]
[SourceQuality "1"]
[TimeControl "40/5400+30:1800+30"]

1. Nf3 Nc6 2. d4 d5 3. g3 Bg4 4. Bg2 Qd7 5. b4 f6 6. b5 Nd8 7. a4 Bh3 8. Kf1 Nf7 9. Na3 e5 10. c4 dxc4 11. Nxc4 O-O-O 12. Qc2 Kb8 13. Be3 h5 14. a5 h4 15. b6 Bxg2+ 16. Kxg2 h3+ 17. Kf1 Qc6 18. bxc7+ Qxc7 19. dxe5 fxe5 20. Bb6 axb6 21. axb6 Qc6 22. Qa2 Kc8 23. Qa8+ Kd7 24. Ncxe5+ Nxe5 25. Nxe5+ Kd6 26. Nxc6 Rxa8 27. Rxa8 Kxc6 28. Rxf8 1-0

[Event "22nd Ruzomberok Open 2019"]
[Site "Ruzomberok"]
[Date "2019.07.06"]
[Round "8.10"]
[White "Zahradnik, Vladimir"]
[Black "Holly, Andrej"]
[Result "1-0"]
[ECO "E67"]
[WhiteElo "1862"]
[BlackElo "2046"]
[Annotator "NA"]
[PlyCount "73"]
[EventDate "2019.06.29"]
[EventType "swiss"]
[EventCountry "SVK"]
[SourceTitle "playchess.com"]
[Source "ChessBase"]
[SourceQuality "1"]
[TimeControl "40/5400+30:1800+30"]

1. d4 Nf6 2. c4 g6 3. Nc3 Bg7 4. Nf3 O-O 5. g3 d6 6. Bg2 Nbd7 7. O-O e5 8. dxe5 dxe5 9. h3 c6 10. Be3 Qc7 11. Qc2 Nh5 12. Rad1 f5 13. Bc1 e4 14. Ng5 Ne5 15. c5 Qe7 16. Rd6 b5 17. h4 Nc4 18. Rxc6 a6 19. b3 Bd7 20. Rc7 Qd8 21. Rxd7 Qxd7 22. bxc4 h6 23. Nh3 Qc6 24. cxb5 Qxc5 25. Qb3+ Kh7 26. Nxe4 fxe4 27. Bxe4 axb5 28. Bxa8 Rxa8 29. a3 Qe5 30. Qd3 Bf6 31. Bf4 Qe6 32. Kh2 Ra4 33. Rb1 Bxh4 34. Rxb5 Bf6 35. Rxh5 Rd4 36. Rxh6+ Kg7 37. Qxg6+ 1-0

[Event "22nd Ruzomberok Open 2019"]
[Site "Ruzomberok"]
[Date "2019.07.06"]
[Round "8.11"]
[White "Pecho, Juraj"]
[Black "Orvisky, Vladimir"]
[Result "1-0"]
[ECO "D00"]
[WhiteElo "1900"]
[BlackElo "1704"]
[Annotator "NA"]
[PlyCount "59"]
[EventDate "2019.06.29"]
[EventType "swiss"]
[EventCountry "SVK"]
[SourceTitle "playchess.com"]
[Source "ChessBase"]
[SourceQuality "1"]
[TimeControl "40/5400+30:1800+30"]

1. d4 d5 2. Bf4 Nf6 3. e3 Bf5 4. Nf3 h6 5. c4 c6 6. Nc3 e6 7. Qb3 Qb6 8. h3 Qxb3 9. axb3 Bb4 10. Bxb8 Rxb8 11. Rxa7 Ne4 12. Ne5 Nxc3 13. bxc3 Bxc3+ 14. Kd1 f6 15. Nd3 e5 16. Nc5 O-O 17. g4 Bc8 18. Na4 Bb4 19. c5 exd4 20. exd4 Rf7 21. Bd3 b5 22. cxb6 Rxa7 23. bxa7 Ra8 24. Kc2 Rxa7 25. Nc3 Bd6 26. f4 Bxf4 27. Bg6 Kf8 28. Re1 Re7 29. Ra1 Be6 30. Ra8+ {[%emt 0:00:22] Bd7} 1-0

[Event "22nd Ruzomberok Open 2019"]
[Site "Ruzomberok"]
[Date "2019.07.06"]
[Round "8.12"]
[White "Bartek, Ladislav"]
[Black "Ambrozi, Peter"]
[Result "1/2-1/2"]
[ECO "B35"]
[WhiteElo "2042"]
[BlackElo "1888"]
[Annotator "NA"]
[PlyCount "49"]
[EventDate "2019.06.29"]
[EventType "swiss"]
[EventCountry "SVK"]
[SourceTitle "playchess.com"]
[Source "ChessBase"]
[SourceQuality "1"]
[TimeControl "40/5400+30:1800+30"]

1. e4 c5 2. Nf3 Nc6 3. d4 cxd4 4. Nxd4 g6 5. Nc3 Bg7 6. Be3 Nf6 7. Bc4 O-O 8. Bb3 d6 9. f3 Na5 10. Qd2 Nxb3 11. cxb3 Bd7 12. O-O-O a5 13. h4 h5 14. g4 hxg4 15. h5 a4 16. hxg6 fxg6 17. Bh6 Rf7 18. Qg5 axb3 19. a3 e5 20. Nxb3 Ne8 21. Qxd8 Rxd8 22. Bxg7 Kxg7 23. fxg4 Bxg4 24. Rdg1 Be6 25. Nd2 1/2-1/2

[Event "22nd Ruzomberok Open 2019"]
[Site "Ruzomberok"]
[Date "2019.07.06"]
[Round "8.13"]
[White "Mocary, Metod"]
[Black "Bemak, Mikhail"]
[Result "1-0"]
[ECO "A46"]
[WhiteElo "1857"]
[BlackElo "2102"]
[Annotator "NA"]
[PlyCount "110"]
[EventDate "2019.06.29"]
[EventType "swiss"]
[EventCountry "SVK"]
[SourceTitle "playchess.com"]
[Source "ChessBase"]
[SourceQuality "1"]
[TimeControl "40/5400+30:1800+30"]

1. d4 Nf6 2. Nf3 b5 3. g3 Bb7 4. Bg2 g6 5. O-O Bg7 6. b3 O-O 7. Bb2 d6 8. Nbd2 Nbd7 9. c4 bxc4 10. Nxc4 Rb8 11. Rc1 c5 12. e3 Ba6 13. Re1 Bxc4 14. Rxc4 d5 15. Rc2 cxd4 16. Nxd4 Rb6 17. Nc6 Qe8 18. Ba3 e6 19. Bxf8 Bxf8 20. Qc1 Nc5 21. Rxc5 Bxc5 22. Qxc5 Qxc6 23. Rc1 Qxc5 24. Rxc5 Rb7 25. Kf1 Kf8 26. Ke2 Ke7 27. h3 Kd6 28. Rc2 Rb5 29. Kd3 Nd7 30. Kd2 a5 31. Bf1 Rc5 32. Rc3 e5 33. a3 Nf6 34. Bd3 Nd7 35. b4 axb4 36. axb4 Rxc3 37. Kxc3 f5 38. f4 e4 39. Be2 Nf8 40. Bd1 Ne6 41. Bb3 Ng7 42. Kd4 Ne6+ 43. Kc3 g5 44. Kd2 gxf4 45. exf4 h6 46. Ba4 d4 47. Bb3 Nc7 48. Bc4 Ne8 49. g4 fxg4 50. hxg4 Nf6 51. g5 hxg5 52. fxg5 Nh5 53. g6 Ng7 54. Bf1 Kd5 55. Bg2 Kd6 1-0

[Event "22nd Ruzomberok Open 2019"]
[Site "Ruzomberok"]
[Date "2019.07.06"]
[Round "8.14"]
[White "Hrnciar, Roman"]
[Black "Marsina, Stefan"]
[Result "1-0"]
[ECO "A02"]
[WhiteElo "2096"]
[BlackElo "1880"]
[Annotator "NA"]
[PlyCount "62"]
[EventDate "2019.06.29"]
[EventType "swiss"]
[EventCountry "SVK"]
[SourceTitle "playchess.com"]
[Source "ChessBase"]
[SourceQuality "1"]
[TimeControl "40/5400+30:1800+30"]

1. f4 Nf6 2. Nf3 d5 3. e3 e6 4. b3 c5 5. Bb2 Nc6 6. Bb5 Bd7 7. O-O Be7 8. Bxc6 Bxc6 9. Ne5 Bb5 10. d3 O-O 11. Nd2 Rc8 12. Qe2 Nd7 13. Rf3 f5 14. Rh3 Qe8 15. c4 Nxe5 16. Bxe5 Bc6 17. Nf3 Bf6 18. Qb2 b5 19. Rg3 Qe7 20. Rd1 Rcd8 21. Bxf6 Rxf6 22. Ne5 Be8 23. cxb5 Bxb5 24. a4 Be8 25. Rc1 Rb8 26. Qa3 Rb4 27. d4 Qb7 28. dxc5 Rxb3 29. Qa1 Rb2 30. Nd3 Bc6 31. Ne5 Be8 1-0

[Event "22nd Ruzomberok Open 2019"]
[Site "Ruzomberok"]
[Date "2019.07.06"]
[Round "8.15"]
[White "Cech, Dominik"]
[Black "Ucekajova, Veronika"]
[Result "1-0"]
[ECO "C11"]
[WhiteElo "2092"]
[BlackElo "1836"]
[Annotator "NA"]
[PlyCount "87"]
[EventDate "2019.06.29"]
[EventType "swiss"]
[EventCountry "SVK"]
[SourceTitle "playchess.com"]
[Source "ChessBase"]
[SourceQuality "1"]
[TimeControl "40/5400+30:1800+30"]

1. e4 e6 2. d4 d5 3. Nc3 Nf6 4. e5 Nfd7 5. f4 c5 6. Nf3 Nc6 7. Be3 cxd4 8. Nxd4 Bc5 9. Qd2 O-O 10. O-O-O a6 11. Kb1 Nxd4 12. Bxd4 b5 13. Ne2 a5 14. Bxc5 Nxc5 15. Nd4 b4 16. Be2 Ba6 17. Bf3 Qb6 18. f5 exf5 19. Bxd5 Rad8 20. Nxf5 Ne4 21. Qd4 Qxd4 22. Rxd4 Nc5 23. Nd6 Nb7 24. Rhd1 Nxd6 25. exd6 Rfe8 26. b3 Kf8 27. Bc6 Re6 28. Kb2 Bc8 29. a3 Rh6 30. h3 Bf5 31. R1d2 Rf6 32. Bf3 Bg6 33. axb4 axb4 34. Bg4 h5 35. Bf3 Re6 36. Bb7 Rf6 37. g4 hxg4 38. hxg4 Re6 39. Bg2 Rf6 40. Bc6 Re6 41. Bb5 Rf6 42. d7 Rb6 43. Rxb4 f5 44. c4 1-0

[Event "22nd Ruzomberok Open 2019"]
[Site "Ruzomberok"]
[Date "2019.07.06"]
[Round "8.16"]
[White "Salomons, Lorenzo"]
[Black "Bakalar, Jan"]
[Result "1/2-1/2"]
[ECO "A45"]
[WhiteElo "1842"]
[BlackElo "1964"]
[Annotator "NA"]
[PlyCount "29"]
[EventDate "2019.06.29"]
[EventType "swiss"]
[EventCountry "SVK"]
[SourceTitle "playchess.com"]
[Source "ChessBase"]
[SourceQuality "1"]
[TimeControl "40/5400+30:1800+30"]

1. d4 Nf6 2. g3 d5 3. Bg2 Bf5 4. Nf3 e6 5. O-O Nbd7 6. Nbd2 h6 7. c4 c6 8. b3 Be7 9. Bb2 O-O 10. Ne5 Nxe5 11. dxe5 Nd7 12. e4 dxe4 13. Bxe4 Bxe4 14. Nxe4 Qc7 15. Qh5 1/2-1/2